 Dungeon Crawl Stone Soup version 0.31.0-32-g396128a36d (webtiles) character file.

Game seed: 17808209112611184955

8 monsoonserge the Cudgeller (level 2, 0/21 HPs)
             Began as an Octopode Cinder Acolyte on Mar 21, 2024.
             Was a High Priest of Ignis.
             Slain by a gnoll
             ... wielding a +0 spear
              (8 damage)
             ... on level 1 of the Dungeon.
             The game lasted 00:00:58 (439 turns).

monsoonserge the Cudgeller (Octopode Cinder Acolyte) Turns: 439, Time: 00:00:59

Health: 0/21       AC:  1    Str: 13    XL:     2   Next: 8%
Magic:  1/3        EV: 12    Int: 16    God:    Ignis [*****.]
Gold:   39         SH:  0    Dex:  7    Spells: 1/3 levels left

rFire   + . .        a - -1 mace (flame)
rCold   . . .        (no shield)
rNeg    . . .        (helmet restricted)
rPois   .            (no amulet)
rElec   .            (no ring)
rCorr   .            (no ring)
SInv    .            (no ring)
Will    .....        (no ring)
Stlth   ++           (no ring)
HPRegen 0.23/turn    (no ring)
MPRegen 0.08/turn    (no ring)
                     (no ring)

%: no passive effects
@: no status effects
A: almost no armour, amphibious, 8 rings, camouflage 1, gelatinous body 1,
(nimble swimmer 1), tentacles
a: Renounce Religion, Fiery Armour, Foxfire Swarm, Rising Flame


You were on level 1 of the Dungeon.
You worshipped Ignis.
Ignis was extremely pleased with you.
You visited 1 branch of the dungeon, and saw 1 of its levels.

You collected 39 gold pieces.

Inventory:

Hand Weapons
 a - a -1 mace of flaming (weapon)
Armour
 b - a +0 tower shield
Scrolls
 c - 4 scrolls of identify {unknown}
Potions
 d - 2 potions of brilliance {unknown}
 e - a potion of lignification {unknown}


   Skills:
 + Level 3.1 Fighting
 + Level 3.4 Maces & Flails
 + Level 1.0 Spellcasting
 + Level 3.0 Fire Magic


You had one spell level left.
You knew the following spells:

 Your Spells              Type           Power      Damage    Failure   Level
a - Scorch                Fire           20%        2d5       10%         2

Your spell library contained the following spells:

 Spells                   Type           Power      Damage    Failure   Level
 Summon Ice Beast         Ice/Summ       0%         N/A       56%         3
 Summon Mana Viper        Hex/Summ       0%         N/A       99%         5
 Monstrous Menagerie      Summ           0%         N/A       100%        7


Dungeon Overview and Level Annotations

Branches:
Dungeon (1/15)

Altars:


Innate Abilities, Weirdness & Mutations

You cannot wear most types of armour.
You are amphibious.
You can wear up to eight rings at the same time.
Your skin changes colour to match your surroundings (Stealth+).
Your rubbery body absorbs attacks. (AC +1, EV +1)
((You are camouflaged when in or above water. (Stealth+)))
You have tentacles for arms and can constrict up to eight enemies at once.


Message History

You kill the ball python!
You have reached level 2!
You start memorising the spell.
You continue memorising. x2
You finish memorising.
Spell assigned to 'a'.
Casting: Scorch (safe; 10% risk of failure)
Confirm with . or Enter, or press ? or * to list all spells.
Okay, then.
You now have 39 gold pieces (gained 13).
As you open the door, it creaks loudly!
A hobgoblin comes into view.
The hobgoblin shouts!
A gnoll comes into view. It is wielding a +0 spear.
There is an open door here.
Found 12 gold pieces.
There is an open door here.
You closely miss the hobgoblin. You grab the hobgoblin.
You constrict the hobgoblin. The hobgoblin misses you.
You hit the hobgoblin. You burn the hobgoblin.
You kill the hobgoblin!
The gnoll hits you from afar with a +0 spear.
Casting: Scorch (safe; 10% risk of failure)
Confirm with . or Enter, or press ? or * to list all spells.
Flames lash the gnoll.
The gnoll is lightly wounded.
The gnoll's fire resistance burns away.
The gnoll barely misses you. The gnoll closely misses you.
There is an open door here.
You closely miss the gnoll. Your grab misses the gnoll.
Your squeeze misses the gnoll.
The gnoll is lightly wounded.
The gnoll is no longer more vulnerable to fire.
The gnoll barely misses you. The gnoll hits you with a +0 spear!
You barely miss the gnoll. You grab the gnoll.
The gnoll is lightly wounded.
You constrict the gnoll, but do no damage.
The gnoll hits you with a +0 spear.
You barely miss the gnoll. You squeeze the gnoll!
The gnoll is severely wounded.
You constrict the gnoll. The gnoll hits you with a +0 spear!
You die...

#..#..##.....##.
##.###'#.......''
#...##.##.....##.
#.###...##...##..
#..+.....##'##...
#.###...##...##..
#########.# ##.##.....##.
........#.####'#...>...#+
.......g@...##.##.....##.
........#..##...##...##..
........#..'.....##'##...
........#.###...##...##..
........#.####.##.....##.
........#.#..#+#.......''
........#......##.....##.
........###†#...##...##..
$.......# #.#...###+##..⌠


You could see a gnoll.

Vanquished Creatures
  A bat (D:1)
  A goblin (D:1)
  A hobgoblin (D:1)
  A quokka (D:1)
  2 ball pythons (D:1)
  A frilled lizard (D:1)
  A kobold (D:1)
8 creatures vanquished.

Notes
Turn   | Place    | Note
-------+----------+-------------------------------------------
     0 | D:1      | monsoonserge the Octopode Cinder Acolyte began the quest
                  | for the Orb.
     0 | D:1      | Reached XP level 1. HP: 16/16 MP: 2/2
   409 | D:1      | Reached XP level 2. HP: 21/21 MP: 3/3
   412 | D:1      | Learned a level 2 spell: Scorch
   439 | D:1      | Slain by a gnoll

Illustrated notes

Levels and vault maps discovered:
D:1:      scummos_arrival_gate, layout_basic, nicolae_hexahallways

Action                     || total
---------------------------++-------
  Melee: Mace              ||    15
         Constrict         ||     3
         Tentacles         ||     2
   Cast: Scorch            ||     1
 Armour: Skin              ||     8
  Dodge: Dodged            ||    11
